 Dungeon Crawl Stone Soup version 0.31.0-11-ge490571c62 (webtiles) character file.

Game seed: 14894053610517395326

38 Gadfly the Trooper (level 3, 0/43 HPs)
             Began as a Demonspawn Monk on Feb 1, 2024.
             Succumbed to an orc's poison
             ... on level 2 of the Dungeon.
             The game lasted 00:02:20 (1919 turns).

Gadfly the Trooper (Demonspawn Monk)                Turns: 1919, Time: 00:02:21

Health: 0/43       AC: 21    Str: 13    XL:     3   Next: 25%
Magic:  4/4        EV:  2    Int: 10    God:
Gold:   954        SH:  0    Dex: 15    Spells: 2/2 levels left

rFire   . .          .
                       - Unarmed
rCold   . . .        c - orb {light}
rNeg    . . .        a - melded +1 robe
rPois   +            (helmet currently unavailable)
rElec   .            (cloak currently unavailable)
rCorr   .            (gloves currently unavailable)
SInv    .            (boots currently unavailable)
Will    .....        (no amulet)
Stlth   +            (no ring)
HPRegen 0.27/turn    (no ring)
MPRegen 0.09/turn

%: no passive effects
@: lethally poisoned (0 -> -14), tree-form, glowing
A: stationary, stasis, torment immunity, boosted hp, powered by death 1
a: no special abilities


You were on level 2 of the Dungeon.
You were a tree.
You visited 1 branch of the dungeon, and saw 3 of its levels.

You collected 954 gold pieces.

Inventory:

Armour
 a - a +1 robe (melded)
 c - an orb of light (worn)
Talismans
 d - a flux talisman
Scrolls
 g - a scroll of fear
 k - a scroll of enchant armour
 l - a scroll of teleportation
Potions
 e - 2 potions of haste {unknown}
 i - 2 potions of attraction {unknown}


   Skills:
 - Level 3.0 Fighting
 + Level 2.9 Dodging
 * Level 3.0 Unarmed Combat
 * Level 1.6 Invocations
 * Level 1.0 Evocations
 * Level 1.0 Shapeshifting


You had 2 spell levels left.
You didn't know any spells.
Your spell library contained the following spells:

 Spells                   Type           Power      Damage    Failure   Level
 Apportation              Tloc           0%         N/A       36%         1
 Necrotise                Necr           0%         1d4       36%         1
 Shock                    Conj/Air       0%         1d3       36%         1
 Sting                    Conj/Alch      0%         1d3       36%         1
 Summon Small Mammal      Summ           0%         N/A       36%         1
 Swiftness                Air            0%         N/A       75%         3
 Airstrike                Air            0%         2d(0-16)  98%         4


Dungeon Overview and Level Annotations

Branches:
Dungeon (3/15)

Altars:


Innate Abilities, Weirdness & Mutations

You are a tree.
Your roots penetrate the ground, keeping you stationary.
You cannot be teleported.
You are immune to unholy pain and torment.
Your maximum health is greatly increased.
Your equipment is partially melded.
You regenerate a little health from kills.


Message History

* * * LOW HITPOINT WARNING * * *
You feel sick. The orc closely misses you.
You hit the orc but do no damage.
The orc is severely wounded.
* * * LOW HITPOINT WARNING * * *
You feel sick. The orc barely misses you.
You are confused.
You feel invigorated.
You feel sick. The orc closely misses you.
You barely miss the orc.
The orc is severely wounded.
You feel sick. The orc hits you but does no damage.
You are lethally poisoned!
You hit the orc.
The orc is almost dead.
You feel sick.
The orc hits you with a +2 dagger of venom.
You bump into the rock wall.
You feel very sick.
The orc hits you with a +2 dagger of venom.
You are lethally poisoned!
You bump into the rock wall.
You feel less invigorated.
You feel less confused.
You feel very sick. The orc misses you.
You barely miss the orc.
The orc is almost dead.
* * * LOW HITPOINT WARNING * * *
You feel sick.
The orc hits you with a +2 dagger of venom.
* * * LOW HITPOINT WARNING * * *
You hit the orc but do no damage.
The orc is almost dead.
* * * LOW HITPOINT WARNING * * *
You feel sick.
The orc hits you with a +2 dagger of venom.
* * * LOW HITPOINT WARNING * * *
You are more poisoned.
You turn into a tree.
Your +1 robe melds into your body.
Your roots penetrate the ground.
You die...

#.........#.# #.# #.
#.#######.#.# #.# #. #.# #.#.#
#.# ## #.# #.#.# #.######### #
#.#######.#.# #.........#####
#.#.......#.# ##.#######......
#.#.#######.# #.#.........####
#.#.# ##.###.>.######### #
#.#.# #.#<♣oo......# #.#.#
##.###...###.# #.#.#
######...###.## #.#.#
######...###.## #.#.#
#######.####.## #.#.#
####............########
#.#.###.......................
#.............##.#############
###.###.......##.############


You could see 2 orcs.

Vanquished Creatures
  An adder (D:2)
  A dart slug (D:1)
  An orc (D:3)
  A bat (D:2)
  2 endoplasms (D:2)
  4 giant cockroaches
  2 hobgoblins
  4 quokkas
  6 ball pythons
  A kobold (D:1)
  A rat (D:1)
24 creatures vanquished.

Notes
Turn   | Place    | Note
-------+----------+-------------------------------------------
     0 | D:1      | Gadfly the Demonspawn Monk began the quest for the Orb.
     0 | D:1      | Reached XP level 1. HP: 18/18 MP: 1/1
   851 | D:1      | Reached skill level 1 in Invocations
   851 | D:1      | Gained mutation: You regenerate a little health from kills.
                  | [demonic ancestry]
   851 | D:1      | Reached XP level 2. HP: 24/24 MP: 2/2
  1058 | D:1      | Identified a scroll of acquirement
  1062 | D:1      | Acquired 841 gold pieces
  1281 | D:2      | Reached skill level 1 in Evocations
  1294 | D:2      | Reached XP level 3. HP: 6/29 MP: 4/4
  1891 | D:3      | Reached skill level 1 in Shapeshifting
  1918 | D:2      | HP: 1/29 [orc/+2 dagger of venom (2)]
  1919 | D:2      | Succumbed to an orc's poison

Illustrated notes

Levels and vault maps discovered:
D:1:      shiori_arrival_elements, layout_basic, nicolae_houndstooth_variations
D:2:      layout_loops_ring
D:3:      layout_basic

Skill      XL: |  1  2  3 |
---------------+----------+-----
Invocations    | 1 |  1.6
Unarmed Combat | 3 |  3.0
Evocations     | 1 |  1.0
Shapeshifting  | 1 |  1.0
Fighting       | |  3.0
Dodging        | |  2.9

Action                     || total
---------------------------++-------
  Melee: Unarmed           ||    90
    Use: Scroll            ||     7
         Potion            ||     5
 Armour: Robe              ||    59
  Dodge: Dodged            ||    54
